 Dungeon Crawl Stone Soup version 0.27-a0-1448-g9c78c815f3 (webtiles) character file.

Game seed: 964047057054194386

210270 AarnesTheHuman the Tortoise (level 19, -20/148 HPs)
             Began as a Formicid Fighter on July 4, 2021.
             Was the Champion of Hepliaklqana.
             Killed from afar by Nikola (53 damage)
             ... with an arc of chain lightning
             ... on level 2 of the Swamp on July 5, 2021.
             The game lasted 01:58:08 (40898 turns).

AarnesTheHuman the Tortoise (Formicid Fighter)     Turns: 40898, Time: 01:58:09

Health: -20/148    AC: 31    Str: 26    XL:     19   Next: 56%
Magic:  25/25      EV:  8    Int: 11    God:    Hepliaklqana [******]
Gold:   2126       SH: 14    Dex: 10    Spells: 21/26 levels left

rFire    . . .     SeeInvis +   b - +4 hand crossbow
rCold    . . .     Faith    .   f - +2 kite shield {rPois}
rNeg     . . .     Spirit   .   X - +0 plate armour
rPois    +         Reflect  .   (helmet unavailable)
rElec    .         Harm     .   i - +0 cloak
rCorr    .         Rampage  .   I - +0 pair of gloves {Stlth+}
Will     +....                  K - +2 pair of boots {Stlth+}
Stlth    ..........             R - amulet of regeneration
HPRegen  1.34/turn              T - ring of flight
MPRegen  0.19/turn              p - +4 ring of protection

@: flying
A: reduced essence, permanent stasis, dig shafts and tunnels, antennae 3, four
strong arms
}: 1/15 runes: gossamer
a: Dig, Shaft Self, Renounce Religion, Recall Ancestor, Ancestor Identity,
Transference, Idealise


You were on level 2 of the Swamp.
You worshipped Hepliaklqana.
Hepliaklqana was exalted by your worship.
You visited 5 branches of the dungeon, and saw 28 of its levels.
You also visited: Ice Cave.

You collected 2126 gold pieces.

Inventory:

Hand Weapons
 a - a +4 demon trident of electrocution
 b - a +4 hand crossbow (weapon)
 k - the +11 hand axe "Luenofuy" {vorpal, rElec rF++ rN+ Dex-2}
   (You found it on level 1 of the Swamp)

   It inflicts extra damage upon your enemies.
   Dex:       It affects your dexterity (-2).
   rF:        It greatly protects you from fire.
   rElec:     It insulates you from electricity.
   rN:        It protects you from negative energy.
 l - a +2 quarterstaff of speed
 M - the +4 dagger "Faabluon" {vorpal, rCorr Str+3}
   (You found it on level 9 of the Dungeon)

   It inflicts extra damage upon your enemies.
   Str:       It affects your strength (+3).
   rCorr:     It protects you from acid and corrosion.
Missiles
 q - 10 javelins
 r - 11 atropa-tipped darts
 D - 5 curare-tipped darts
 W - 229 bolts (quivered ammo)
Armour
 f - a +2 kite shield of poison resistance (worn)
 i - a +0 cloak (worn)
 I - a +0 pair of gloves of stealth (worn)
 K - a +2 pair of boots of stealth (worn)
 Q - a +2 chain mail
 X - a +0 plate armour (worn)
Jewellery
 c - a ring of magical power
 j - a +4 ring of evasion
 n - a ring of ice
 p - a +4 ring of protection (right hand)
 s - a ring of poison resistance
 w - the ring "Bobradd" {*Slow Str+2 Int+6 Dex+3}
   (You acquired it on level 1 of the Lair of Beasts)

   [ring of intelligence]

   Str:       It affects your strength (+2).
   Int:       It affects your intelligence (+6).
   Dex:       It affects your dexterity (+3).
   *Slow:     It may slow you when you take damage.
 R - an amulet of regeneration (around neck)
 T - a ring of flight (left hand)
 V - an amulet of the acrobat
 Z - a ring of resist corrosion
Wands
 t - a wand of mindburst (31)
 u - a wand of acid (11)
 y - a wand of digging (11)
 F - a wand of polymorph (20)
 O - a wand of flame (67)
Scrolls
 o - 6 scrolls of enchant armour
 A - 4 scrolls of immolation
 E - 4 scrolls of magic mapping
 G - a scroll of enchant weapon
 J - a scroll of brand weapon
 L - 5 scrolls of fear
 P - 14 scrolls of identify
 U - a scroll of summoning
Potions
 d - 6 potions of might
 e - a potion of magic
 g - 10 potions of curing
 h - 6 potions of lignification
 m - 2 potions of brilliance
 v - 5 potions of attraction
 z - 8 potions of heal wounds
 B - 3 potions of cancellation
 C - 3 potions of invisibility
 H - 4 potions of mutation
 N - 5 potions of ambrosia
 Y - 4 potions of resistance
Miscellaneous
 x - a phantom mirror


   Skills:
 + Level 18.8 Fighting
 - Level 2.0(9.3) Axes
 - Level 13.7(14.0) Polearms
 - Level 3.8(9.9) Staves
 - Level 10.0 Crossbows
 + Level 20.8 Armour
 - Level 9.0 Shields
 + Level 4.4 Spellcasting
 + Level 4.2 Necromancy
 * Level 7.6 Earth Magic
 - Level 8.0 Invocations


You had 21 spell levels left.
You knew the following spells:

 Your Spells              Type           Power      Damage    Failure   Level
a - Borgnjor's Vile Clut  Necr/Erth      7%         N/A       95%         5

Your spell library contained the following spells:

 Spells                   Type           Power      Damage    Failure   Level
 Pain                     Necr           44%        1d6       19%         1
 Vampiric Draining        Necr           5%         2d6       50%         3
 Foxfire                  Conj/Fire      8%         2x1d4     71%         1
 Freeze                   Ice            8%         1d3       71%         1
 Magic Dart               Conj           8%         1d3       71%         1
 Call Imp                 Summ           2%         N/A       85%         2
 Ensorcelled Hibernation  Hex/Ice        4%         N/A       85%         2
 Poisonous Vapours        Pois/Air       4%         N/A       85%         2
 Searing Ray              Conj           4%         3d3       85%         2
 Slow                     Hex            2%         N/A       85%         2
 Static Discharge         Conj/Air       2%         N/A       85%         2
 Animate Dead             Necr           5%         N/A       88%         4
 Confusing Touch          Hex            2%         N/A       97%         3
 Conjure Flame            Conj/Fire      2%         6-21      97%         3
 Dazzling Flash           Conj/Hex       4%         N/A       97%         3
 Frozen Ramparts          Ice            4%         1d2       97%         3
 Inner Flame              Hex/Fire       2%         N/A       97%         3
 Lesser Beckoning         Tloc           1%         N/A       97%         3
 Mephitic Cloud           Conj/Pois/Air  2%         N/A       97%         3
 Ozocubu's Armour         Ice            2%         N/A       97%         3
 Spider Form              Tmut/Pois      1%         N/A       97%         3
 Agony                    Necr           11%        N/A       99%         5
 Excruciating Wounds      Necr           5%         N/A       99%         5
 Fulminant Prism          Conj/Hex       1%         3d6       100%        4
 Hailstorm                Conj/Ice       2%         3d3       100%        4
 Ice Form                 Ice/Tmut       2%         N/A       100%        4
 Summon Lightning Spire   Summ/Air       2%         N/A       100%        4
 Alistair's Intoxication  Tmut/Pois      1%         N/A       100%        5
 Fireball                 Conj/Fire      1%         3d3       100%        5
 Freezing Cloud           Conj/Ice/Air   1%         6-21      100%        5
 Lightning Bolt           Conj/Air       1%         1d12      100%        5
 Manifold Assault         Tloc           2%         N/A       100%        5
 Silence                  Hex/Air        1%         N/A       100%        5
 Yara's Violent Unravell  Hex/Tmut       1%         3d3       100%        5
 Eringya's Noxious Bog    Tmut/Pois      1%         N/A       100%        6
 Shadow Creatures         Summ           N/A        N/A       100%        6
 Simulacrum               Ice/Necr       3%         N/A       100%        6
 Starburst                Conj/Fire      1%         8x6d3     100%        6
 Haunt                    Necr/Summ      3%         N/A       100%        7
 Ozocubu's Refrigeration  Ice            1%         4d5       100%        7
 Storm Form               Tmut/Air       1%         N/A       100%        7
 Ignition                 Fire           1%         3d3       100%        8
 Infestation              Necr           5%         N/A       100%        8
 Maxwell's Capacitive Co  Air            1%         ∞         100%        8
 Blink                    Tloc           Unusable   N/A       N/A         2

Dungeon Overview and Level Annotations

Branches:
Dungeon (15/15)            Temple (1/1) D:6            Lair (6/6) D:8
  Swamp (2/4) Lair:2       Spider (4/4) Lair:2        Slime (0/5) Lair:6
    Orc (0/2) D:9          Vaults (0/5) D:13         Depths (0/5) D:15
  IceCv (visited)

Altars:
Ashenzari
Cheibriados
Dithmenos
Elyvilon
Fedhas
Gozag
Hepliaklqana
Kikubaaqudgha
Makhleb
Nemelex Xobeh
Okawaru
Qazlal
Ru
Sif Muna
Trog
Uskayaw
Vehumet
Wu Jian
Xom
Yredelemnul
Zin
The Shining One
Beogh
Jiyva

Shops:
D:8 (   D:11 [!

Annotations:
D:3 1 runed translucent door, Crazy Yiuf
D:8 Ijustatesigmund's ghost, journeyman OpFi
Lair:1 1 runed translucent door, Matir's ghost, journeyman TeFE
Swamp:2 Nikola


Innate Abilities, Weirdness & Mutations

Your life essence is reduced to manifest your ancestor. (-10% HP)
You cannot be hasted, slowed, berserked, paralysed or teleported.
You can dig through walls and to a lower floor.
You have a pair of large antennae on your head. (SInv)
Your four strong arms can wield two-handed weapons with a shield.


Message History

Nikola is heavily wounded.
You hear a splash.
Nikola gestures wildly while chanting.
Lightning arcs from Nikola's hands!
The bolt of lightning hits you!!!
A bolt of lightning appears from out of thin air!
The bolt of lightning hits Nikola!
You hear a hideous shriek!
Fire: 233 bolts
Press: ? - help, Q - select action, (/) - cycle Shift-Dir - straight line, f/p - Nikola
Aim: Nikola, wielding a +2 rapier of electrocution, wearing a +0 cloak of willpower and wearing a +0 pair of gloves (severely wounded, lightly drained, 77% to hit)
You shoot a bolt. The bolt barely misses Nikola.
You hear a splash.
Nikola hits you but does no damage.
You are electrocuted!
Fire: 232 bolts
Press: ? - help, Q - select action, (/) - cycle Shift-Dir - straight line, f/p - Nikola
Aim: Nikola, wielding a +2 rapier of electrocution, wearing a +0 cloak of willpower and wearing a +0 pair of gloves (severely wounded, lightly drained, 77% to hit)
You shoot a bolt. The bolt closely misses Nikola.
You hear a splash.
Nikola closely misses you.
Fire: 231 bolts
Press: ? - help, Q - select action, (/) - cycle Shift-Dir - straight line, f/p - Nikola
Aim: Nikola, wielding a +2 rapier of electrocution, wearing a +0 cloak of willpower and wearing a +0 pair of gloves (severely wounded, lightly drained, 77% to hit)
You shoot a bolt. The bolt hits Nikola!!
Nikola is severely wounded.
You hear a splash.
Nikola splashes around in the water.
Fire: 230 bolts
Press: ? - help, Q - select action, (/) - cycle Shift-Dir - straight line, f/p - Nikola
Aim: Nikola, wielding a +2 rapier of electrocution, wearing a +0 cloak of willpower and wearing a +0 pair of gloves (severely wounded, lightly drained, 77% to hit)
You shoot a bolt. The bolt hits Nikola!!
Nikola is severely wounded.
You hear a splash.
Nikola gestures at you while chanting. The bolt of lightning hits you!!!
* * * LOW HITPOINT WARNING * * *
The mangrove smoulders and burns.
You feel much better.
Nikola casts a spell.
Lightning arcs from Nikola's hands!
The bolt of lightning hits you!!!
You die...

≈....≈..≈...♣♣♣♣ ≈...≈.≈.♣≈≈.♣
.♣....†.♣♣≈♣♣ ♣♣♣♣ ≈≈≈...≈≈≈♣♣♣♣
♣...♣♣ #♣≈.≈♣♣..(.≈♣♣♣♣♣ ♣♣.≈≈≈.♣
♣≈♣....≈.(((≈..♣ ♣♣..≈≈≈.≈
♣...≈..♣♣♣♣)...♣♣♣≈.≈≈..♣
.♣≈....♣♣♣♣♣....§♣♣.≈≈≈≈.♣♣
.♣≈♣♣♣♣♣♣≈♣†≈.).@.≈≈≈≈≈≈..♣
.♣....≈♣ ♣≈≈.≈≈≈@≈...≈≈≈..♣♣
♣♣≈≈≈≈≈♣♣♣♣≈.≈≈≈(≈...≈≈≈≈≈.♣♣
♣♣≈≈≈≈......≈≈≈≈....≈≈≈≈≈≈≈.♣
♣#≈≈≈≈≈≈≈≈≈≈≈≈≈≈...≈≈≈≈.≈≈≈.♣♣
.#..≈≈≈§≈≈≈≈≈≈.§≈..≈≈≈≈≈≈≈.≈.♣
.#≈>≈≈..♣.≈≈≈.≈♣♣......≈≈≈...♣♣♣♣
.#≈≈≈≈.≈♣♣.≈§≈♣♣♣♣≈...≈≈≈§.......
♣#≈≈≈≈.♣♣♣♣≈..≈≈ ♣♣≈..≈≈≈≈..≈..≈≈


You could see Nikola (drained).

Vanquished Creatures
  Jorgrun (Spider:1)
  A tentacled monstrosity (Swamp:2)
  Kirke (Lair:5)
  A fenstrider witch (Swamp:2)
  3 ghost moths
  Aizul (Spider:1)
  A juggernaut zombie (D:15)
  A ghoul (Swamp:2)
  7 emperor scorpions
  Nessos (D:15)
  2 entropy weavers
  5 bunyips
  A spark wasp (Spider:2)
  An ettin (D:13)
  An eleionoma (Swamp:2)
  9 hydras
  5 boulder beetles
  A vault guard (D:13)
  A ghost crab (Swamp:1)
  2 catoblepae
  4 two-headed ogres
  2 centaur warriors
  7 alligators
  7 death yaks
  3 tengu warriors
  Sonja (Lair:5)
  2 fire crabs (Lair:6)
  9 skeletal warriors
  2 swamp dragons
  2 goliath frogs (Swamp:2)
  4 bog bodies
  2 spriggan druids
  A flayed ghost (D:15)
  24 wolf spiders
  4 lindwurms (D:11)
  14 orb spiders
  A wizard (D:13)
  Pikel (D:8)
  An orc knight (D:15)
  4 necromancers
  3 deep elf pyromancers
  3 cyclopes
  A frost giant zombie (D:15)
  A manticore (D:13)
  2 ugly things (D:15)
  9 elephants
  2 moths of wrath (Spider:4)
  2 black mambas (Lair:6)
  11 cane toads
  2 gargoyles
  4 torpor snails
  Maggie (D:8)
  2 rime drakes
  2 ice statues (IceCv)
  14 demonic crawlers
  An unseen horror (D:11)
  2 freezing wraiths (D:14)
  A yaktaur (D:13)
  A kobold demonologist (D:12)
  10 ice devils (IceCv)
  5 komodo dragons
  2 tengu conjurers (D:15)
  3 trolls
  6 polar bears
  28 jumping spiders
  14 hornets
  A spriggan zombie (D:15)
  2 tyrant leeches (Swamp:2)
  A deep troll zombie (D:15)
  7 dream sheep
  13 blink frogs
  3 slime creatures (D:15)
  28 tarantellas
  20 spriggans
  A shadow (D:11)
  A centaur simulacrum (D:15)
  65 redbacks
  2 wraiths
  2 wyverns
  2 hogs (Lair:5)
  17 humans (D:13)
  4 basilisks
  30 yaks
  28 vampire mosquitoes
  11 water moccasins
  6 swamp worms (Swamp:1)
  2 wargs (D:8)
  An ice beast (D:7)
  A swamp drake (Swamp:2)
  14 orc warriors
  2 black bears
  5 ogres
  A sky beast (D:8)
  26 wolves
  2 boggarts (Lair:6)
  22 centaurs
  A lemure (D:8)
  2 phantoms
  2 kobold brigands (D:12)
  A gnoll sergeant (D:9)
  9 bullfrogs
  A scorpion (D:5)
  A wyvern skeleton (D:5)
  A hexer (Lair:2)
  2 electric eels
  A howler monkey (D:4)
  A bullfrog zombie (D:6)
  6 centaur zombies
  A hound (D:6)
  A jelly (D:5)
  11 orc priests
  A gnoll shaman (D:7)
  11 orc wizards
  A scorpion zombie (D:5)
  16 hell rats
  2 polar bear simulacra (Lair:6)
  2 yak simulacra (Lair:6)
  A killer bee zombie (D:8)
  4 wolf simulacra (Lair:6)
  A hound zombie (D:5)
  2 howler monkey zombies
  2 howler monkey skeletons
  13 gnolls
  6 white imps
  5 ufetubi
  2 adder skeletons
  2 worms
  A dart slug (D:4)
  33 orcs
  7 ball pythons
  8 bats
  4 endoplasms
  A giant cockroach (D:2)
  5 goblins
  2 hobgoblins
  10 jackals
  4 quokkas
  4 frilled lizards (D:1)
  11 kobolds
  5 rats
  A river rat simulacrum (Lair:6)
801 creatures vanquished.

Vanquished Creatures (collateral kills)
  2 ghost moths (Spider:4)
  An entropy weaver (Spider:3)
  2 bunyips (Swamp:2)
  An eleionoma (Swamp:2)
  2 hydras
  2 alligators (Swamp:2)
  A two-headed ogre (D:13)
  Erica (D:8)
  A death yak (Lair:3)
  A slime creature (D:14)
  A skeletal warrior (D:12)
  A goliath frog (Swamp:1)
  A wizard (D:13)
  A swamp dragon (Swamp:2)
  A wolf spider (Spider:4)
  3 ugly things
  4 elephants
  2 black mambas
  A centaur zombie (D:10)
  An unseen horror (D:12)
  3 komodo dragons
  A demonic crawler (Spider:1)
  A yaktaur (D:13)
  2 trolls
  2 jumping spiders
  4 hornets
  A polar bear (Lair:5)
  4 blink frogs
  A tyrant leech (Swamp:1)
  16 redbacks
  4 spriggans
  A tarantella (Spider:4)
  2 humans (D:13)
  2 basilisks (Lair:1)
  5 yaks
  A hog (Lair:5)
  3 vampire mosquitoes
  A swamp worm (Swamp:2)
  2 water moccasins
  An orc warrior (D:12)
  A swamp drake (Swamp:2)
  2 wolves (Lair:6)
  A boggart (Lair:6)
  A centaur (D:9)
  A kobold brigand (D:8)
  2 bullfrogs
  A water moccasin zombie (D:7)
  A centaur skeleton (D:7)
  2 orc priests (D:9)
  An iguana (D:7)
  4 orc wizards
  2 hell rats (Lair:6)
  A polar bear simulacrum (Lair:6)
  A wolf simulacrum (Lair:6)
  2 howler monkey zombies
  A howler monkey skeleton (D:7)
  A gnoll (D:7)
  A white imp (IceCv)
  2 ufetubi (IceCv)
  12 orcs
  A kobold (D:12)
128 creatures vanquished.

Vanquished Creatures (others)
  A fire giant (D:13)
  A reaper (IceCv)
  A cane toad (Lair:6)
  A redback (Spider:3)
  A human (Lair:5)
  A water moccasin (Lair:5)
  47 hexers
  An ancestor (D:7)
  2 white imps (IceCv)
  5 ufetubi (IceCv)
  28 fungi
  27 plants
  2 withered plants (D:15)
118 creatures vanquished.

Grand Total: 1047 creatures vanquished

Notes
Turn   | Place    | Note
-------+----------+-------------------------------------------
     0 | D:1      | AarnesTheHuman the Formicid Fighter began the quest for the
                  | Orb.
     0 | D:1      | Reached XP level 1. HP: 18/18 MP: 1/1
   327 | D:1      | Reached XP level 2. HP: 21/24 MP: 2/2
   373 | D:1      | Found a faded altar of an unknown god.
   930 | D:1      | Reached XP level 3. HP: 13/29 MP: 3/3
  2098 | D:3      | Reached XP level 4. HP: 37/37 MP: 4/4
  2321 | D:3      | Found a runed translucent door.
  2322 | D:3      | Noticed Crazy Yiuf
  2726 | D:4      | Noticed an ogre
  2727 | D:4      | Noticed a black bear
  2735 | D:4      | Reached skill level 1 in Polearms
  3072 | D:3      | Killed an ogre
  3073 | D:3      | Reached skill level 4 in Armour
  3073 | D:3      | Reached skill level 5 in Shields
  3073 | D:3      | Reached XP level 5. HP: 29/42 MP: 5/5
  3319 | D:4      | Noticed a phantom
  3343 | D:3      | Killed a phantom
  3344 | D:3      | Reached XP level 6. HP: 44/49 MP: 6/6
  3607 | D:4      | Found a glowing golden altar of the Shining One.
  3837 | D:4      | Noticed an ogre
  3846 | D:4      | Killed an ogre
  3847 | D:4      | Reached XP level 7. HP: 44/55 MP: 7/7
  4321 | D:5      | Entered Level 5 of the Dungeon
  4614 | D:5      | Reached skill level 5 in Fighting
  4654 | D:5      | Found a shimmering blue altar of Sif Muna.
  4670 | D:5      | Reached skill level 5 in Armour
  4759 | D:5      | Identified the +5 dagger "Yfris" {drain, Fragile rElec
                  | Dex+8}
  4830 | D:5      | Noticed a wraith
  5044 | D:4      | Killed a wraith
  5045 | D:4      | Reached XP level 8. HP: 51/63 MP: 8/8
  5628 | D:6      | Found a staircase to the Ecumenical Temple.
  5644 | Temple   | Entered the Ecumenical Temple
  5834 | Temple   | Became a worshipper of Hepliaklqana the Forgotten
  5999 | D:6      | Reached skill level 6 in Armour
  6021 | D:6      | Reached XP level 9. HP: 68/69 MP: 9/9
  6529 | D:6      | Found an ornate altar of the Wu Jian Council.
  6580 | D:7      | Reached * piety under Hepliaklqana
  6810 | D:7      | Reached skill level 5 in Polearms
  7276 | D:7      | Reached ** piety under Hepliaklqana
  7277 | D:7      | Remembered your ancestor Beorhtric as a hexer
  7430 | D:7      | Reached skill level 7 in Armour
  7663 | D:8      | Identified the +9 flail "Jaithromn" {elec, Contam rElec
                  | Str+2}
  7694 | D:8      | Reached skill level 1 in Invocations
  7830 | D:8      | Noticed Erica
  7842 | D:8      | Killed Erica
  7843 | D:8      | Reached XP level 10. HP: 21/72 MP: 3/12
  8101 | D:8      | Noticed Maggie
  8121 | D:8      | Killed Maggie
  8525 | D:8      | Reached skill level 1 in Staves
  8525 | D:8      | Reached skill level 8 in Armour
  8631 | D:8      | Found a staircase to the Lair.
  8744 | D:8      | Noticed a two-headed ogre
  8787 | D:8      | Killed a two-headed ogre
  8796 | D:8      | Reached skill level 5 in Invocations
  8798 | D:8      | Found Ukkeawn's Antique Weapon Shop.
  9010 | D:8      | Noticed Pikel
  9032 | D:8      | Killed Pikel
  9427 | D:9      | Found a white marble altar of Elyvilon.
  9521 | D:9      | Found a burning altar of Makhleb.
  9527 | D:9      | Identified the +4 dagger "Faabluon" {vorpal, rCorr Str+3}
  9636 | D:9      | Reached skill level 9 in Armour
  9636 | D:9      | Reached XP level 11. HP: 71/80 MP: 12/15
  9787 | D:9      | Reached *** piety under Hepliaklqana
  9951 | D:9      | Found a stormy altar of Qazlal.
 10014 | D:9      | Identified a scroll of acquirement
 10014 | D:9      | Acquired a manual of Armour
 10165 | D:9      | Found a staircase to the Orcish Mines.
 10351 | D:9      | Found a runed translucent gate.
 10352 | D:9      | Found a runed translucent gate.
 10353 | D:9      | Found a runed translucent gate.
 10369 | D:9      | Noticed Ijustatesigmund's ghost (journeyman OpFi)
 10838 | D:9      | Reached skill level 10 in Armour
 11057 | D:9      | Found a white marble altar of Elyvilon.
 11084 | D:9      | Found a burning altar of Makhleb.
 11826 | D:9      | Found a staircase to the Orcish Mines.
 11969 | D:9      | Found a stormy altar of Qazlal.
 12143 | D:10     | Entered Level 10 of the Dungeon
 12590 | D:10     | Noticed a two-headed ogre
 12599 | D:10     | Killed a two-headed ogre
 12600 | D:10     | Reached skill level 10 in Fighting
 13109 | D:10     | Reached **** piety under Hepliaklqana
 13246 | D:10     | Reached skill level 11 in Armour
 13518 | D:11     | Noticed a seven-headed hydra
 14055 | D:11     | Found Uny Voerph's Distillery.
 14152 | D:11     | Noticed a red ugly thing
 14161 | D:11     | Killed a red ugly thing
 14541 | D:11     | Found Gautuh's Antique Armour Shop.
 14608 | D:11     | Reached XP level 12. HP: 70/89 MP: 11/16
 14754 | D:11     | Reached skill level 12 in Armour
 14809 | D:11     | Found the +9 staff of Olgreb {rPois∞}
 15202 | D:10     | Killed a seven-headed hydra
 16180 | D:12     | Reached skill level 13 in Armour
 16557 | D:12     | Found Woyb Pia's Antique Weapon Shoppe.
 16569 | D:12     | Noticed a skeletal warrior
 16569 | D:12     | Noticed a skeletal warrior
 16620 | D:11     | Killed a skeletal warrior
 16831 | D:12     | Killed a skeletal warrior
 16971 | D:12     | Noticed a two-headed ogre
 16981 | D:12     | Killed a two-headed ogre
 17015 | D:12     | Noticed a skeletal warrior
 17016 | D:12     | Noticed a skeletal warrior
 17189 | D:11     | Killed a skeletal warrior
 17449 | D:12     | Killed a skeletal warrior
 17450 | D:12     | Reached skill level 14 in Armour
 17802 | D:12     | Noticed a boulder beetle
 17819 | D:12     | Killed a boulder beetle
 17820 | D:12     | Reached skill level 10 in Polearms
 17820 | D:12     | Reached XP level 13. HP: 61/97 MP: 10/17
 17966 | D:12     | Noticed a seven-headed hydra
 17975 | D:12     | Killed a seven-headed hydra
 18261 | Lair:1   | Entered Level 1 of the Lair of Beasts
 18494 | Lair:1   | Found a runed translucent door.
 18494 | Lair:1   | Noticed Matir's ghost (journeyman TeFE)
 18680 | Lair:1   | Reached ***** piety under Hepliaklqana
 19079 | Lair:2   | Reached skill level 15 in Armour
 19079 | Lair:2   | Reached XP level 14. HP: 106/106 MP: 18/18
 19207 | Lair:2   | Reached skill level 16 in Armour
 19236 | Lair:2   | Found a hole to the Spider Nest.
 19472 | Lair:2   | Found a staircase to the Swamp.
 21714 | Lair:4   | Reached skill level 17 in Armour
 22299 | Lair:5   | Noticed Kirke
 22393 | Lair:4   | Reached XP level 15. HP: 111/114 MP: 19/19
 22628 | Lair:5   | Noticed Sonja
 22640 | Lair:5   | Killed Sonja
 22786 | Lair:5   | Killed Kirke
 23527 | Lair:6   | Entered Level 6 of the Lair of Beasts
 23528 | Lair:6   | Found a frozen archway.
 23542 | IceCv    | Entered an ice cave
 23699 | IceCv    | Killed a reaper
 24747 | Lair:6   | Reached skill level 15 in Fighting
 25451 | Lair:6   | Reached ****** piety under Hepliaklqana
 25911 | Lair:6   | Reached skill level 18 in Armour
 26231 | Lair:6   | Reached XP level 16. HP: 111/122 MP: 19/22
 26556 | Lair:6   | Found a viscous altar of Jiyva.
 26556 | Lair:6   | Found a staircase to the Slime Pits.
 28073 | D:13     | Identified the +1 robe "Sofenani" {Rampage Int+2}
 28183 | D:13     | Found a gate to the Vaults.
 28362 | D:13     | Reached skill level 1 in Crossbows
 28460 | D:13     | Noticed a fire giant
 28471 | D:13     | Killed a fire giant
 29627 | D:14     | Reached skill level 19 in Armour
 29851 | D:14     | Found a snail-covered altar of Cheibriados.
 29996 | D:15     | Entered Level 15 of the Dungeon
 30188 | D:15     | Reached XP level 17. HP: 116/131 MP: 20/23
 30226 | D:15     | Found a staircase to the Depths.
 30466 | D:15     | Found a blossoming altar of Fedhas.
 30556 | D:15     | Reached skill level 5 in Crossbows
 30821 | D:15     | Noticed Nessos
 30834 | D:15     | Killed Nessos
 31907 | Spider:1 | Entered Level 1 of the Spider Nest
 33034 | Spider:1 | Noticed Aizul
 33054 | Spider:1 | Killed Aizul
 33199 | Spider:1 | Noticed Jorgrun
 33221 | Spider:1 | Killed Jorgrun
 33945 | Spider:2 | You fall into a shaft and drop 1 floor!
 34851 | Spider:3 | Reached skill level 20 in Armour
 34963 | Spider:3 | Reached XP level 18. HP: 105/140 MP: 0/24
 35995 | Spider:4 | Entered Level 4 of the Spider Nest
 37227 | Spider:4 | Upgraded the game from 0.27-a0-1438-g9b7c6745da to
                  | 0.27-a0-1448-g9c78c815f3
 37354 | Spider:4 | Learned a level 5 spell: Borgnjor's Vile Clutch
 37416 | Spider:4 | Reached skill level 1 in Earth Magic
 37524 | Spider:3 | Reached skill level 1 in Necromancy
 37649 | Spider:4 | Reached skill level 1 in Spellcasting
 37856 | Spider:4 | Identified the +2 leather armour of Integrity {Rampage
                  | Str+3}
 38201 | Spider:4 | Got a gossamer rune of Zot
 38765 | Lair:1   | Acquired the ring "Bobradd" {*Slow Str+2 Int+6 Dex+3}
 39187 | Swamp:1  | Entered Level 1 of the Swamp
 39459 | Swamp:1  | Reached XP level 19. HP: 148/148 MP: 25/25
 39538 | Swamp:1  | Reached skill level 5 in Earth Magic
 39560 | Swamp:1  | Identified the +11 hand axe "Luenofuy" {vorpal, rElec rF++
                  | rN+ Dex-2}
 40232 | Swamp:2  | Noticed a tentacled monstrosity
 40266 | Swamp:2  | Killed a tentacled monstrosity
 40267 | Swamp:2  | Reached skill level 10 in Crossbows
 40855 | Swamp:2  | Noticed Nikola
 40898 | Swamp:2  | Killed from afar by Nikola

Illustrated notes

Levels and vault maps discovered:
D:1:      psy_arrival_basics, layout_loops_ring,
          hellmonk_ecumenical_altar_zigzags, minmay_tree_intersection,
          serial_bayou_pond_e, grunt_decor_one_mirror
D:2:      layout_basic, hangedman_decor_riveting
D:3:      layout_rooms, grunt_decor_clamped, uniq_crazy_yiuf_cottage
D:4:      layout_loops_cross, lemuel_tele_altar, hangedman_abyss_or_decor_passed
D:5:      layout_gridville, lemuel_doored_altar
D:6:      layout_loops_ring, kennysheep_little_box, minmay_temple_entry_wispy
D:7:      layout_cave_pods
D:8:      layout_loops_cross, erik_lair_orcish_takeover, serial_shops, shop,
          uniq_maggie, uniq_pikel, uniq_erica
D:9:      layout_roguey, lemuel_coloured_pillars_altar,
          nicolae_elyvilon_peaceful_grove, lightli_temple_of_fire, david_orc_4,
          biasface_ghost_orc_armoury
D:10:     layout_grid_maze
D:11:     layout_loops_cross, serial_shops, shop, shop, minivault_5,
          minmay_crystal_water, roderic_lattice_a, minmay_lindwurm_lava
D:12:     layout_gridville, serial_shops, shop, eino_tiny_chamber
D:13:     minmay_outward_triangles, layout_rooms, grunt_vaults_entry_tiered,
          chequers_serial_rivers_large_b
D:14:     layout_basic, cheibriados_altar_1
D:15:     gammafunk_depths_entry_grave, layout_loops_ring, fedhas_altar_2,
          uniq_nessos
Temple:   eino_temple_rhombus
Lair:1:   layout_hall_layers, gammafunk_ghost_grave
Lair:2:   layout_regular_city, swamp_mist, dummy_spider_entry
Lair:3:   layout_roguey, infiniplex_staircase_pool, grunt_megastairs_5
Lair:4:   layout_misc_corridors
Lair:5:   layout_roguey, uniq_kirke, uniq_sonja
Lair:6:   minmay_lair_end_enchanted_forest, layout_regular_city,
          dpeg_slime_entry_enclosed_altar, portal_ice_cave_entry_pillars_2,
          eino_house_with_fridge
Swamp:1:  layout_basic_swamp, hangedman_swamp_ruin_wall
Swamp:2:  nzn_winding_woodlands_medium [nzn_winding_woodlands_hourglass,
          nzn_winding_woodlands_5x15_twine, nzn_winding_woodlands_5x5_perimeter,
          nzn_winding_woodlands_5x5_default,
          nzn_winding_woodlands_center_pierced_h,
          nzn_winding_woodlands_5x5_cross, nzn_winding_woodlands_5x5_default,
          nzn_winding_woodlands_5x15_zeroes,
          nzn_winding_woodlands_5x5_closed_star], layout_basic_swamp,
          nicolae_swamp_well_well_well, uniq_frances, uniq_nikola
Spider:1: layout_spider_delve, uniq_aizul, uniq_jorgrun
Spider:2: layout_spider_delve
Spider:3: layout_spider_delve
Spider:4: grunt_spider_rune_circles, hangedman_spider_tarantella_strand

Skill      XL: |  1  2  3  4  5  6  7  8  9 10 11 12 13 14 15 16 17 18 19 |
---------------+----------------------------------------------------------+-----
Shields        | 4 5 6 7 8 9 |  9.0
Polearms       | 1 2 3 4 6 8 10 11 12 13 | 13.7
Fighting       | 4 5 6 7 9 10 12 13 14 15 16 17 18 | 18.8
Armour         | 4 5 6 7 9 11 14 15 17 18 19 20 | 20.8
Invocations    | 3 6 8 |  8.0
Staves         | 3 |  3.8
Crossbows      | 4 8 9 10 | 10.0
Earth Magic    | 4 7 |  7.6
Necromancy     | 2 4 |  4.2
Spellcasting   | 2 4 |  4.4
Axes           | |  2.0

Action                   |  1- 3 |  4- 6 |  7- 9 | 10-12 | 13-15 | 16-18 | 19-21 || total
-------------------------+-------+-------+-------+-------+-------+-------+-------++-------
Melee: War axe           |    44 |       |       |       |       |       |       ||    44
       Trident           |    65 |   101 |   299 |   496 |   623 |       |       ||  1584
       Quarterstaff      |       |       |       |   273 |   168 |       |       ||   441
       Demon trident     |       |       |       |       |   350 |  1552 |   223 ||  2125
 Fire: Shortbow          |       |       |       |    48 |    27 |       |       ||    75
       Hand crossbow     |       |       |       |       |       |    55 |    32 ||    87
Throw: Javelin           |       |     7 |     4 |       |       |       |     1 ||    12
       Dart              |       |     2 |       |       |       |       |       ||     2
Invok: Ancestor Life: He |       |       |     1 |       |       |       |       ||     1
       Recall Ancestor   |       |       |       |     3 |       |     1 |       ||     4
       Idealise          |       |       |       |       |       |     3 |     2 ||     5
 Abil: Dig               |       |       |       |    11 |     3 |    20 |       ||    34
  Use: Scroll            |       |     8 |     8 |     5 |    11 |     4 |       ||    36
       Potion            |       |       |     1 |     2 |     1 |     1 |     1 ||     6
 Stab: Distracted        |       |       |     1 |     6 |    14 |    15 |     2 ||    38
       Confused          |       |       |     1 |    10 |     2 |    12 |     5 ||    30
       Paralysed         |       |       |       |       |    24 |    61 |     4 ||    89
Armor: Scale mail        |    42 |    44 |    80 |    62 |       |       |       ||   228
       Chain mail        |       |       |       |   200 |   389 |    32 |       ||   621
       Plate armour      |       |       |       |       |       |   588 |    68 ||   656
Dodge: Dodged            |    34 |    32 |    76 |   166 |   215 |   296 |    33 ||   852
Block: Kite shield       |    49 |    56 |   181 |   392 |   530 |   692 |    64 ||  1964

Table legend: (Time is in decaauts)
 A = Elapsed time spent in this place.
 B = Non-inter-level travel time spent in this place.
 C = Inter-level travel time spent in this place.
 D = Time resting spent in this place.
 E = Time spent auto-exploring this place.
 F = Levels seen in this place.
 G = Mean time per level.
                   A        B        C        D        E       F      G
               +--------+--------+--------+--------+--------+-----+--------+
         Total |  39839 |  36387 |   3452 |   7567 |  20429 |  29 | 1373.8 |
       Dungeon |  22925 |  20645 |   2280 |   4040 |  12500 |  15 | 1528.3 |
        Temple |    201 |    165 |     36 |      0 |    163 |   1 |  201.0 |
          Lair |   7770 |   6942 |    828 |    820 |   4709 |   6 | 1295.0 |
         Swamp |   1586 |   1543 |     43 |    298 |    318 |   2 |  793.0 |
   Spider Nest |   6419 |   6154 |    265 |   2196 |   2325 |   4 | 1604.8 |
      Ice Cave |    935 |    935 |      0 |    213 |    413 |   1 |  935.0 |
               +--------+--------+--------+--------+--------+-----+--------+

Top non-repeatable levels by time:
    D:10: 2953 daAuts
     D:9: 2721 daAuts
     D:8: 2154 daAuts
    D:11: 2075 daAuts
Spider:3: 2039 daAuts
  Lair:6: 2018 daAuts
Spider:1: 1753 daAuts
    D:12: 1565 daAuts
Spider:4: 1535 daAuts
  Lair:5: 1431 daAuts
    D:13: 1365 daAuts
     D:3: 1344 daAuts
     D:1: 1273 daAuts
     D:4: 1264 daAuts
  Lair:3: 1262 daAuts
